 Dungeon Crawl Stone Soup version 0.32-a0-472-gc2b5402 (webtiles) character file.

Game seed: 6069325052915509372

84 Remcycle the Chopper (level 4, -1/38 HPs)
             Began as a Draconian Monk on Feb 25, 2024.
             Incinerated by a bombardier beetle (6 damage)
             ... with a burning spray
             ... on level 3 of the Dungeon.
             The game lasted 00:02:46 (1542 turns).

Remcycle the Chopper (Draconian Monk)               Turns: 1542, Time: 00:02:47

Health: -1/38      AC:  5    Str: 15    XL:     4   Next: 24%
Magic:  4/4        EV: 12    Int: 10    God:
Gold:   123        SH:  0    Dex: 14    Spells: 3/3 levels left

rFire   . . .        a - +0 hand axe
rCold   . . .        c - orb {light}
rNeg    . . .        (body armour unavailable)
rPois   .            (helmet restricted)
rElec   .            (no cloak)
rCorr   .            (no gloves)
SInv    .            (no boots)
Will    .....        (no amulet)
Stlth   +            (no ring)
HPRegen 0.26/turn    (no ring)
MPRegen 0.09/turn

%: no passive effects
@: on fire, glowing
A: AC +5, unfitting armour, cold-blooded
a: no special abilities


You were on level 3 of the Dungeon.
You visited 1 branch of the dungeon, and saw 3 of its levels.

You collected 123 gold pieces.

Inventory:

Hand Weapons
 a - a +0 hand axe (weapon)
Armour
 c - an orb of light (worn)
Wands
 o - a wand of flame (25)
Scrolls
 d - 2 scrolls of vulnerability {unknown}
 e - a scroll of poison {unknown}
 f - a scroll of noise {unknown}
 j - a scroll of fear {unknown}
 k - 2 scrolls of identify {unknown}
 m - a scroll of revelation {unknown}
 n - a scroll of enchant weapon {unknown}
Potions
 b - a potion of ambrosia
 g - 2 potions of mutation {unknown}
 h - a potion of resistance {unknown}
 i - 2 potions of curing {unknown}
 l - a potion of attraction {unknown}


   Skills:
 - Level 3.2 Fighting
 + Level 5.1 Axes
 - Level 2.6 Dodging


You had 3 spell levels left.
You didn't know any spells.
Your spell library contained the following spells:

 Spells                   Type           Power      Damage    Failure   Level
 Sandblast                Erth           0%         2d4       36%         1
 Passwall                 Erth           0%         N/A       75%         3
 Stone Arrow              Conj/Erth      0%         3d7       75%         3
 Brom's Barrelling Bould  Conj/Erth      0%         2d3       98%         4


Dungeon Overview and Level Annotations

Branches:
Dungeon (3/15)

Altars:
Nemelex Xobeh

Shops:
D:1 (

Annotations:
D:3 1 runed translucent door, tlatlagkaus's ghost, weakling DrSh


Innate Abilities, Weirdness & Mutations

Your plain brown scales are hard. (AC +5)
You cannot fit into any form of body armour.
You are cold-blooded and may be slowed by cold attacks.


Message History

The bombardier beetle is lightly wounded.
The liquid fire burns you!
The adder hisses angrily.
You hit the bombardier beetle but do no damage.
The bombardier beetle is lightly wounded.
The liquid fire burns you!
The bombardier beetle bites you but does no damage.
You hit the bombardier beetle.
You tail-slap the bombardier beetle, but do no damage.
The bombardier beetle is moderately wounded.
The liquid fire burns you!
You hit the bombardier beetle.
The bombardier beetle is heavily wounded.
The liquid fire burns you! The bombardier beetle misses you.
You are too injured to fight recklessly!
You are too injured to fight recklessly!
You are too injured to fight recklessly!
You are too injured to fight recklessly!
You are too injured to fight recklessly!
You hit the bombardier beetle.
The bombardier beetle is almost dead.
The liquid fire burns you!
The bombardier beetle sprays incendiary fluid at you.
The burning spray hits you.
You are even more covered in liquid fire!
You hit the bombardier beetle.
You kill the bombardier beetle!
The liquid fire burns you!
* * * LOW HITPOINT WARNING * * *
Your Axes skill increases to level 5!
You have reached level 4!
You feel agile.
You shake off some of the fire as you move.
The liquid fire burns you!
* * * LOW HITPOINT WARNING * * *
You see here a bombardier beetle corpse.
You shake off some of the fire as you move.
The liquid fire burns you!
You die...

#.# #.# #.# #.# #>## #### ##..
#... #######..# ..##
~~~~~S#.@# ##.## ~!~~~W+†.#
#...### ~~~~rB#.## #...#..
#######.# #...#.# ###.#
#...#.# # ####### #...#
#...#.##. #.....## #.###
#######...#.##.
#......###.#####..............
#...<.#.##...##...............


You could see tlatlagkaus's ghost, an adder, a river rat and a giant cockroach.

Vanquished Creatures
  A bombardier beetle (D:3)
  2 adders
  A dart slug (D:1)
  2 ribbon worms (D:2)
  3 endoplasms
  A giant cockroach (D:3)
  4 goblins
  2 hobgoblins
  3 ball pythons (D:1)
  A bat (D:2)
  5 kobolds
  3 rats
28 creatures vanquished.

Notes
Turn   | Place    | Note
-------+----------+-------------------------------------------
     0 | D:1      | Remcycle the Draconian Monk began the quest for the Orb.
     0 | D:1      | Reached XP level 1. HP: 19/19 MP: 1/1
   241 | D:1      | Reached XP level 2. HP: 20/26 MP: 2/2
   460 | D:1      | Found Piag Lem's Weapon Emporium.
   902 | D:2      | Reached skill level 4 in Axes
   986 | D:2      | Found a faded altar of an unknown god.
  1072 | D:2      | Reached XP level 3. HP: 31/31 MP: 3/3
  1484 | D:3      | Found a sparkling altar of Nemelex Xobeh.
  1532 | D:3      | Found a runed translucent door.
  1533 | D:3      | Noticed tlatlagkaus's ghost (weakling DrSh)
  1541 | D:3      | Reached skill level 5 in Axes
  1541 | D:3      | Reached XP level 4. HP: 10/38 MP: 4/4
  1542 | D:3      | Incinerated by a bombardier beetle

Illustrated notes

Levels and vault maps discovered:
D:1:      scummos_arrival_forest, layout_loops_ring, serial_shops, shop,
          kennysheep_another_room
D:2:      layout_basic, shapermc_ecumenical_altar_petra,
          nicolae_elevator_lobby_plus
D:3:      layout_loops_cross, nemelex_spade_bored_becter, slow_altar_1,
          ebering_ghost_sewer_f, serial_shops, nicolae_shop_window_shopping,
          uniq_crazy_yiuf_cottage

Skill      XL: |  1  2  3 |
---------------+----------+-----
Axes           | 4 5 |  5.1
Fighting       | |  3.2
Dodging        | |  2.6

Action                     |  1- 3 |  4- 6 || total
---------------------------+-------+-------++-------
  Melee: Hand axe          |    85 |       ||    85
         Tailslap          |    18 |       ||    18
 Armour: Skin              |    32 |       ||    32
  Dodge: Dodged            |    38 |       ||    38

Table legend: (Time is in decaauts)
 A = Elapsed time spent in this place.
 B = Non-inter-level travel time spent in this place.
 C = Inter-level travel time spent in this place.
 D = Time resting spent in this place.
 E = Time spent auto-exploring this place.
 F = Levels seen in this place.
 G = Mean time per level.
                   A        B        C        D        E       F      G
               +--------+--------+--------+--------+--------+-----+--------+
         Total |   1553 |   1500 |     53 |      0 |   1268 |   3 |  517.7 |
       Dungeon |   1553 |   1500 |     53 |      0 |   1268 |   3 |  517.7 |
               +--------+--------+--------+--------+--------+-----+--------+

Top non-repeatable levels by time:
     D:1: 763 daAuts
     D:2: 533 daAuts
     D:3: 256 daAuts
